 Dungeon Crawl Stone Soup version 0.20.0-14-g326068f (webtiles) character file.

226 straycat the Ducker (level 5, -17/42 HPs)
             Began as a Vampire Fighter on June 8, 2017.
             Demolished by an ogre
             ... wielding a +0 giant spiked club
              (20 damage)
             ... on level 4 of the Dungeon.
             The game lasted 00:10:20 (3347 turns).

straycat the Ducker (Vampire Fighter)               Turns: 3347, Time: 00:10:21

Health: -17/42     AC: 10    Str: 16    XL:     5   Next: 69%
Magic:  5/5        EV:  8    Int: 11    God:
Gold:   138        SH:  0    Dex: 13    Spells: 4/4 levels left

rFire    . . .     SeeInvis +   a - +0 rapier
rCold    . . .     Gourm    .   (no shield)
rNeg     + . .     Faith    .   x - +2 chain mail {rPois}
rPois    +         Spirit   .   (no helmet)
rElec    .         Reflect  .   (no cloak)
rCorr    .         Harm     .   (no gloves)
MR       .....                  (no boots)
Stlth    ..........             (no amulet)
Regen    0.2/turn               (no ring)
MPRegen  0.1/turn               (no ring)

@: no status effects
A: fangs 3, see invisible, unbreathing
a: Bat Form


You were on level 4 of the Dungeon.
You were not thirsty.

You visited 1 branch of the dungeon, and saw 4 of its levels.

You collected 138 gold pieces.

Inventory:

Hand Weapons
 a - a +0 rapier (weapon)
 w - a +0 hand axe of chopping
 y - a +0 flail of protection
 A - a +0 whip of electrocution
Missiles
 i - 87 arrows
 k - 116 stones
 q - 5 javelins
 u - 2 tomahawks of returning (quivered)
 D - 28 poisoned needles
Armour
 b - a +0 scale mail
 c - a +0 shield
 h - a +0 ring mail
 x - a +2 chain mail of poison resistance (worn)
Jewellery
 t - an uncursed ring of fire
 G - a cursed ring of teleportation {unknown}
Wands
 r - a wand of random effects (22/48)
Scrolls
 g - 5 scrolls of teleportation {unknown}
 j - 5 scrolls of remove curse {unknown}
 l - a scroll of immolation {unknown}
 m - 2 scrolls of recharging {unknown}
 p - 2 scrolls of fog {unknown}
 s - 2 scrolls of enchant weapon {unknown}
 v - a scroll of identify {unknown}
 z - a scroll of amnesia {unknown}
 F - a scroll of magic mapping {unknown}
Potions
 d - a potion of might
 e - 14 potions of blood
 f - 2 potions of lignification {unknown}
 n - a potion of magic {unknown}
 o - a potion of haste {unknown}
 B - a potion of brilliance {unknown}
 E - a potion of agility {unknown}
Books
 C - a book of Cantrips

   Spells                             Type                      Level
   a - Confusing Touch                Hexes                        1
   b - Animate Skeleton               Necromancy                   1
   c - Summon Small Mammal            Summoning                    1
   d - Apportation                    Translocation                1


   Skills:
 + Level 3.7 Fighting
 - Level 2.1 Short Blades
 - Level 2.4 Armour
 * Level 4.3 Dodging
 + Level 4.0 Stealth
 - Level 2.6 Shields


You had 4 spell levels left.
You didn't know any spells.

Dungeon Overview and Level Annotations

Branches:
Dungeon (4/15)
 Temple: D:4-7

Altars:
Xom


Innate Abilities, Weirdness & Mutations

You have razor-sharp teeth.
You have supernaturally acute eyesight. (SInv)
You can survive without breathing.


Message History

The ogre barely misses you.
You closely miss the ogre.
The ogre is moderately wounded.
The ogre barely misses you.
You hit the ogre.
The ogre is heavily wounded.
The ogre closely misses you.
You barely miss the ogre.
The ogre is heavily wounded.
The ogre hits you with a giant spiked club!!
Ouch! That really hurt!
You hit the ogre but do no damage. You bite the ogre.
The ogre is heavily wounded.
The ogre hits you with a giant spiked club!
* * * LOW HITPOINT WARNING * * *
Wield which item (- for none, * to show all)? (? for menu, Esc to quit)
Your +0 flail of protection goes still.
a - a +0 rapier (weapon)
The ogre hits you with a giant spiked club!!
You die...

#######>................
#......####.............
#......# #.............
#......# #............#
#......# #............#
#......## #.....########
#.......###.....##
#.%..............#
#......@O........#
#................#
#................#
#......###########
#...........#
..##.........# ...
#........... ..
##.......... #..........


You could see an ogre.

Vanquished Creatures
  A phantom (D:4)
  Terence (D:3)
  2 adders
  2 oozes (D:1)
  5 worms
  A dart slug (D:1)
  2 leopard geckos
  3 orcs
  A giant cockroach (D:2)
  12 goblins
  4 hobgoblins
  2 jackals (D:1)
  A quokka (D:3)
  A ball python (D:3)
  6 bats
  6 frilled lizards
  4 kobolds
  10 rats
64 creatures vanquished.

Notes
Turn   | Place    | Note
-------+----------+-------------------------------------------
     0 | D:1      | straycat the Vampire Fighter began the quest for the Orb.
     0 | D:1      | Reached XP level 1. HP: 17/17 MP: 1/1
   368 | D:1      | Reached skill level 1 in Stealth
   368 | D:1      | Reached XP level 2. HP: 23/23 MP: 2/2
   474 | D:1      | Reached skill level 1 in Dodging
   720 | D:1      | Reached XP level 3. HP: 26/29 MP: 3/3
  1111 | D:1      | You fall through a shaft!
  1286 | D:2      | Found a shimmering altar of Xom.
  1521 | D:2      | Reached XP level 4. HP: 13/35 MP: 4/4
  2352 | D:3      | Noticed Terence
  2371 | D:3      | Killed Terence
  3021 | D:4      | Noticed a phantom
  3071 | D:4      | Killed a phantom
  3071 | D:4      | Reached XP level 5. HP: 29/42 MP: 5/5
  3335 | D:4      | Noticed an ogre
  3347 | D:4      | Demolished by an ogre

Skill      XL: |  1  2  3  4 |
---------------+-------------+-----
Stealth        | 1 2 4 |  4.0
Dodging        | 1 2 4 |  4.3
Fighting       | 3 |  3.7
Short Blades   | |  2.1
Armour         | |  2.4
Shields        | |  2.6

Action                   |  1- 3 |  4- 6 || total
-------------------------+-------+-------++-------
Melee: Rapier            |   138 |    62 ||   200
       Bite              |    19 |    10 ||    29
       Flail             |       |    42 ||    42
  Use: Potion            |       |     6 ||     6
 Stab: Sleeping          |       |     1 ||     1
  Eat: Corpse            |       |     3 ||     3
Armor: Ring mail         |    76 |    20 ||    96
       Chain mail        |       |    26 ||    26
Dodge: Dodged            |    70 |    31 ||   101
Block: Shield            |    78 |    23 ||   101
